3R
NORTHWEST TERRITORY BEAVERS @ BOMPTON BABY LAKERS
05/13/2041
 
TOP OF THE 1ST
Northwest Territory Beavers batting - Pitching for Bompton Baby Lakers : LHP Felipe López
Pitching: LHP Felipe López
Batting: RHB Alfred Howard Biggs 0-0: Called Strike
0-1: Ball
1-1: Foul Ball, location: 2F
1-2: SINGLE (Groundball, 6MD, EV 96.9 MPH)
Batting: RHB Art Hensley 0-0: Ball
1-0: Ball
2-0: Called Strike
2-1: Swinging Strike
2-2: Strikes out swinging
Batting: LHB Mies Lumme 0-0: Ball
1-0: Ball
2-0: Ball
3-0: Called Strike
3-1: Base on Balls
Alfred Howard Biggs to second
Batting: RHB Jeffrey Turner 0-0: Called Strike
Alfred Howard Biggs is caught stealing 3rd base 2-5
0-1: Fly out, F9 (Flyball, 9LD, EV 107.5 MPH)
Top of the 1st over - 0 runs, 1 hit, 0 errors, 1 left on base; Northwest Territory 0 - Bompton 0
BOTTOM OF THE 1ST
Bompton Baby Lakers batting - Pitching for Northwest Territory Beavers : RHP Rob Bates
Pitching: RHP Rob Bates
Batting: RHB Marvin Russell 0-0: Foul Ball, location: 2F
0-1: Ball
1-1: Ball
2-1: Ball
3-1: Called Strike
3-2: Base on Balls
Batting: RHB Jarred Lloyd 0-0: Called Strike
0-1: Ball
1-1: Foul Ball, location: 2F
1-2: Foul Ball, location: 2F
1-2: Ball
2-2: Foul Ball, location: 2F
2-2: Strikes out swinging
Batting: RHB Guo-liang Hao 0-0: Ball
1-0: Called Strike
1-1: SINGLE (Groundball, 6MD, EV 108.1 MPH)
Marvin Russell to second
Runner from 2nd tries for 3rd, SAFE, throw by CF made to third
Batting: LHB Leonardo Valdéz 0-0: Called Strike
0-1: Ball
1-1: Foul Ball, location: 2F
1-2: Strikes out swinging
Batting: RHB David Taylor 0-0: Ball
1-0: Foul Ball, location: 2F
1-1: Swinging Strike
1-2: Strikes out looking
Bottom of the 1st over - 0 runs, 1 hit, 0 errors, 2 left on base; Northwest Territory 0 - Bompton 0
TOP OF THE 2ND
Northwest Territory Beavers batting - Pitching for Bompton Baby Lakers : LHP Felipe López
Batting: LHB Fernan Espinoza 0-0: Called Strike
0-1: Swinging Strike
0-2: Ball
1-2: Foul Ball, location: 2F
1-2: Ball
2-2: Foul Ball, location: 2F
2-2: Foul Ball, location: 2F
2-2: Foul Ball, location: 2F
2-2: Foul Ball, location: 2F
2-2: Foul Ball, location: 2F
2-2: Ball
3-2: SOLO HOME RUN (Flyball, 9D, EV 104.4 MPH), Distance : 352 ft
Batting: RHB Benigno Bachelay 0-0: SINGLE (Line Drive, 4D, EV 101.2 MPH)
Batting: RHB Bartolo Cortéz 0-0: Foul Ball, location: 2F
0-1: Foul Ball, location: 2F
0-2: Ball
1-2: Fly out, F8 (Line Drive, 8RD, EV 97.5 MPH)
Batting: LHB Enrico Flores 0-0: SINGLE (Groundball, 3, EV 101.2 MPH) (infield hit)
Benigno Bachelay to second
Batting: RHB John Warren 0-0: Ball
1-0: Foul Ball, location: 2F
1-1: Foul Ball, location: 2F
1-2: Foul Ball, location: 2F
1-2: Ball
2-2: Strikes out swinging
Batting: RHB Alfred Howard Biggs 0-0: Ground out 4-3 (Groundball, 4, EV 90.6 MPH)
Top of the 2nd over - 1 run, 3 hits, 0 errors, 2 left on base; Northwest Territory 1 - Bompton 0
BOTTOM OF THE 2ND
Bompton Baby Lakers batting - Pitching for Northwest Territory Beavers : RHP Rob Bates
Batting: RHB Kobbe Elders 0-0: Ball
1-0: Ball
2-0: Ball
3-0: Base on Balls
Batting: RHB Tim Rowland 0-0: Ball
1-0: Called Strike
1-1: Swinging Strike
1-2: Ground out 4-3 (Groundball, 4MS, EV 92.5 MPH)
Kobbe Elders to second
Batting: RHB Duane Coleman 0-0: Ball
1-0: Ball
2-0: SINGLE (Groundball, 6, EV 105.0 MPH) (infield hit)
Kobbe Elders to third
Batting: RHB Mario Gonzáles 0-0: Ball
1-0: Foul Ball, location: 2F
1-1: Fly out, F8 (Line Drive, 8LM, EV 95.6 MPH)
Runner from 3rd tags up, SCORES, throw by CF
Batting: RHB Marvin Russell 0-0: Called Strike
0-1: Foul Ball, location: 2F
0-2: Strikes out swinging
Bottom of the 2nd over - 1 run, 1 hit, 0 errors, 1 left on base; Northwest Territory 1 - Bompton 1
TOP OF THE 3RD
Northwest Territory Beavers batting - Pitching for Bompton Baby Lakers : LHP Felipe López
Batting: RHB Art Hensley 0-0: Ball
1-0: Swinging Strike
1-1: Ball
2-1: Ball
3-1: Called Strike
3-2: Foul Ball, location: 2F
3-2: Foul Ball, location: 2F
3-2: Foul Ball, location: 2F
3-2: Base on Balls
Batting: LHB Mies Lumme 0-0: Ball
1-0: Ball
2-0: Called Strike
2-1: Ball
3-1: Called Strike
3-2: Foul Ball, location: 2F
3-2: Strikes out swinging
Batting: RHB Jeffrey Turner 0-0: Reached on error, E6 (Groundball, 6, EV 83.1 MPH)
Art Hensley to second
Batting: LHB Fernan Espinoza 0-0: Ball
1-0: Foul Ball, location: 2F
1-1: Ball
2-1: Ball
3-1: Swinging Strike
3-2: Foul Ball, location: 2F
3-2: Strikes out swinging
Batting: RHB Benigno Bachelay 0-0: Ball
1-0: SINGLE (Groundball, 6MD, EV 107.5 MPH)
Art Hensley to third
Jeffrey Turner to second
Runner from 3rd tries for Home, SAFE, no throw by CF
Batting: RHB Bartolo Cortéz 0-0: Ball
1-0: SINGLE (Line Drive, 7S, EV 111.9 MPH)
Jeffrey Turner to third
Benigno Bachelay to second
Batting: LHB Enrico Flores 0-0: Ground out 4-3 (Groundball, 4, EV 87.5 MPH)
Top of the 3rd over - 1 run, 2 hits, 1 error, 3 left on base; Northwest Territory 2 - Bompton 1
BOTTOM OF THE 3RD
Bompton Baby Lakers batting - Pitching for Northwest Territory Beavers : RHP Rob Bates
Batting: RHB Jarred Lloyd 0-0: Ball
1-0: Called Strike
1-1: Called Strike
1-2: Strikes out swinging
Batting: RHB Guo-liang Hao 0-0: Foul Ball, location: 2F
0-1: Foul Ball, location: 2F
0-2: Ball
1-2: Ball
2-2: Strikes out swinging
Batting: LHB Leonardo Valdéz 0-0: Called Strike
0-1: Fly out, F8 (Flyball, 89XD, EV 108.8 MPH)
Bottom of the 3rd over - 0 runs, 0 hits, 0 errors, 0 left on base; Northwest Territory 2 - Bompton 1
TOP OF THE 4TH
Northwest Territory Beavers batting - Pitching for Bompton Baby Lakers : LHP Felipe López
Batting: RHB John Warren 0-0: Foul Ball, location: 2F
0-1: Ball
1-1: Ground out 5-3 (Groundball, 5L, EV 88.8 MPH)
Batting: RHB Alfred Howard Biggs 0-0: Swinging Strike
0-1: Called Strike
0-2: Foul Ball, location: 2F
0-2: Ball
1-2: Ball
2-2: Foul Ball, location: 2F
2-2: Foul Ball, location: 2F
2-2: Foul Ball, location: 2F
2-2: TRIPLE (Flyball, 78XD, EV 95.0 MPH)
Batting: RHB Art Hensley 0-0: Ball
1-0: Ball
2-0: Called Strike
2-1: Ball
3-1: Called Strike
3-2: Strikes out looking
Batting: LHB Mies Lumme 0-0: Called Strike
0-1: Swinging Strike
0-2: Ball
1-2: Foul Ball, location: 2F
1-2: Ball
2-2: Foul Ball, location: 2F
2-2: Ground out U3 (Groundball, 3L, EV 81.9 MPH)
Top of the 4th over - 0 runs, 1 hit, 0 errors, 1 left on base; Northwest Territory 2 - Bompton 1
BOTTOM OF THE 4TH
Bompton Baby Lakers batting - Pitching for Northwest Territory Beavers : RHP Rob Bates
Batting: RHB David Taylor 0-0: Ground out 5-3 (Groundball, 5L, EV 87.5 MPH)
Batting: RHB Kobbe Elders 0-0: Ball
1-0: Ground out 4-3 (Groundball, 4, EV 101.9 MPH)
Batting: RHB Tim Rowland 0-0: Ball
1-0: Foul Ball, location: 2F
1-1: Ground out 5-3 (Groundball, 56, EV 86.2 MPH)
Bottom of the 4th over - 0 runs, 0 hits, 0 errors, 0 left on base; Northwest Territory 2 - Bompton 1
TOP OF THE 5TH
Northwest Territory Beavers batting - Pitching for Bompton Baby Lakers : LHP Felipe López
Batting: RHB Jeffrey Turner 0-0: Called Strike
0-1: Ground out 6-3 (Groundball, 6, EV 82.5 MPH)
Batting: LHB Fernan Espinoza 0-0: Foul Ball, location: 2F
0-1: Ball
1-1: Ball
2-1: Reached on error, E3 (Groundball, 34, EV 105.0 MPH)
Batting: RHB Benigno Bachelay 0-0: Ball
1-0: SINGLE (Flyball, 9S, EV 91.9 MPH)
Fernan Espinoza to second
Runner from 2nd tries for 3rd, SAFE, throw by RF made to third
Batting: RHB Bartolo Cortéz 0-0: Ball
1-0: Called Strike
1-1: Foul Ball, location: 2F
1-2: Fly out, F4 (Popup, 4MS, EV 81.9 MPH)
Batting: LHB Enrico Flores 0-0: Foul Ball, location: 2F
0-1: Ball
1-1: Ball
2-1: Ball
3-1: SINGLE (Line Drive, 56D, EV 99.4 MPH)
Fernan Espinoza scores
Benigno Bachelay to second
Batting: RHB John Warren 0-0: Swinging Strike
0-1: Foul Ball, location: 2F
0-2: Ball
1-2: Ball
2-2: Foul Ball, location: 2F
2-2: Ball
3-2: Foul Ball, location: 2F
3-2: Foul Ball, location: 2F
3-2: Strikes out swinging
Top of the 5th over - 1 run, 2 hits, 1 error, 2 left on base; Northwest Territory 3 - Bompton 1
BOTTOM OF THE 5TH
Bompton Baby Lakers batting - Pitching for Northwest Territory Beavers : RHP Rob Bates
Batting: RHB Duane Coleman 0-0: Called Strike
0-1: Swinging Strike
0-2: Ball
1-2: Strikes out looking
Batting: RHB Mario Gonzáles 0-0: Ball
1-0: Called Strike
1-1: Called Strike
1-2: Strikes out looking
Batting: RHB Marvin Russell 0-0: SINGLE (Groundball, 34D, EV 109.4 MPH)
Batting: RHB Jarred Lloyd 0-0: SINGLE (Line Drive, 9S, EV 98.1 MPH)
Marvin Russell to second
Batting: RHB Guo-liang Hao 0-0: Ball
1-0: Foul Ball, location: 2F
1-1: Fielders Choice at 2nd, 5-4 (Groundball, 56, EV 93.1 MPH)
Bottom of the 5th over - 0 runs, 2 hits, 0 errors, 2 left on base; Northwest Territory 3 - Bompton 1
TOP OF THE 6TH
Northwest Territory Beavers batting - Pitching for Bompton Baby Lakers : LHP Felipe López
Pitching: LHP Rick Baker
Batting: RHB Alfred Howard Biggs 0-0: Foul Ball, location: 2F
0-1: Called Strike
0-2: Ball
1-2: DOUBLE (Line Drive, 89D, EV 110.0 MPH)
Batting: RHB Art Hensley 0-0: Ball
1-0: Reached on error, E3 (Groundball, 3, EV 90.6 MPH)
Alfred Howard Biggs to third
Batting: LHB Mies Lumme 0-0: Called Strike
0-1: Ball
1-1: Ball
2-1: Ball
3-1: SINGLE (Flyball, 89S, EV 91.9 MPH)
Alfred Howard Biggs scores
Art Hensley to second
Runner from 2nd tries for 3rd, SAFE, no throw by RF
Batting: RHB Jeffrey Turner 0-0: SINGLE (Line Drive, 7LS, EV 106.2 MPH)
Art Hensley scores
Mies Lumme to second
Batting: LHB Fernan Espinoza 0-0: Ball
1-0: Swinging Strike
1-1: Foul Ball, location: 2F
1-2: Strikes out swinging
Batting: RHB Benigno Bachelay 0-0: Ball
1-0: 3-RUN HOME RUN (Flyball, 7D, EV 106.9 MPH), Distance : 372 ft
Batting: RHB Bartolo Cortéz 0-0: Ball
1-0: Called Strike
1-1: Reached on error, E6 (Groundball, 6, EV 83.8 MPH)
Batting: LHB Enrico Flores 0-0: Swinging Strike
0-1: Ball
1-1: SINGLE (Line Drive, 56D, EV 97.5 MPH)
Bartolo Cortéz to second
Batting: RHB John Warren 0-0: Ball
1-0: Ball
2-0: Ball
3-0: Base on Balls
Bartolo Cortéz to third
Enrico Flores to second
Batting: RHB Alfred Howard Biggs 0-0: Fielders Choice at 2nd, 5-4 (Groundball, 56S, EV 81.9 MPH)
Bartolo Cortéz scores
Enrico Flores to third
Batting: RHB Art Hensley 0-0: Ball
1-0: Foul Ball, location: 2F
1-1: DOUBLE (Line Drive, 9LM, EV 100.6 MPH)
Enrico Flores scores
Alfred Howard Biggs to third
Runner from 3rd tries for Home, SAFE, throw by RF to home
Pitching: RHP Noah Birkbeck
Batting: LHB Mies Lumme 0-0: Fly out, F7 (Flyball, 7LS, EV 88.1 MPH)
Top of the 6th over - 8 runs, 6 hits, 2 errors, 1 left on base; Northwest Territory 11 - Bompton 1
BOTTOM OF THE 6TH
Bompton Baby Lakers batting - Pitching for Northwest Territory Beavers : RHP Rob Bates
Batting: LHB Leonardo Valdéz 0-0: Called Strike
0-1: Ball
1-1: Ball
2-1: Ball
3-1: Base on Balls
Batting: RHB David Taylor 0-0: Ball
1-0: Ball
2-0: Called Strike
2-1: Foul Ball, location: 2F
2-2: Foul Ball, location: 2F
2-2: Ball
3-2: Foul Ball, location: 2F
3-2: Foul Ball, location: 2F
3-2: Base on Balls
Leonardo Valdéz to second
Batting: RHB Kobbe Elders 0-0: Swinging Strike
0-1: Ball
1-1: Called Strike
1-2: Strikes out swinging
Pitching: RHP Gonzalo Garibay
Batting: RHB Tim Rowland 0-0: Fly out, F7 (Flyball, 78M, EV 86.2 MPH)
Batting: RHB Duane Coleman 0-0: Ball
1-0: Called Strike
1-1: Ball
2-1: Fly out, F4 (Line Drive, 4, EV 66.2 MPH)
Bottom of the 6th over - 0 runs, 0 hits, 0 errors, 2 left on base; Northwest Territory 11 - Bompton 1
TOP OF THE 7TH
Northwest Territory Beavers batting - Pitching for Bompton Baby Lakers : RHP Noah Birkbeck
Batting: RHB Jeffrey Turner 0-0: Ball
1-0: Ground out 6-3 (Groundball, 6, EV 84.4 MPH)
Batting: LHB Fernan Espinoza 0-0: Swinging Strike
0-1: Ball
1-1: Foul Ball, location: 2F
1-2: Ball
2-2: Strikes out swinging
Batting: RHB Benigno Bachelay 0-0: Foul Ball, location: 2F
0-1: Ball
1-1: Foul Ball, location: 2F
1-2: Ground out 4-3 (Groundball, 4, EV 105.0 MPH)
Top of the 7th over - 0 runs, 0 hits, 0 errors, 0 left on base; Northwest Territory 11 - Bompton 1
BOTTOM OF THE 7TH
Bompton Baby Lakers batting - Pitching for Northwest Territory Beavers : RHP Gonzalo Garibay
Batting: RHB Mario Gonzáles 0-0: Called Strike
0-1: Called Strike
0-2: Ball
1-2: Ground out 5-3 (Groundball, 56S, EV 86.9 MPH)
Batting: RHB Marvin Russell 0-0: SOLO HOME RUN (Flyball, 7D, EV 95.6 MPH), Distance : 368 ft
Batting: RHB Jarred Lloyd 0-0: Ball
1-0: Ball
2-0: Ball
3-0: Called Strike
3-1: Foul Ball, location: 2F
3-2: Strikes out swinging
Batting: RHB Guo-liang Hao 0-0: Called Strike
0-1: Foul Ball, location: 2F
0-2: Ball
1-2: Strikes out looking
Bottom of the 7th over - 1 run, 1 hit, 0 errors, 0 left on base; Northwest Territory 11 - Bompton 2
TOP OF THE 8TH
Northwest Territory Beavers batting - Pitching for Bompton Baby Lakers : RHP Noah Birkbeck
Batting: RHB Bartolo Cortéz 0-0: Ball
1-0: Ball
2-0: Ball
3-0: Called Strike
3-1: Foul Ball, location: 2F
3-2: Foul Ball, location: 2F
3-2: Foul Ball, location: 2F
3-2: SINGLE (Flyball, 7S, EV 90.0 MPH)
Pitching: LHP Guo-ning Wang
Batting: LHB Enrico Flores 0-0: Called Strike
0-1: SINGLE (Groundball, 34D, EV 94.4 MPH)
Bartolo Cortéz to second
Batting: RHB John Warren 0-0: Ball
1-0: Swinging Strike
1-1: Fly out, F8 (Line Drive, 8LD, EV 101.9 MPH)
Batting: RHB Alfred Howard Biggs 0-0: Foul Ball, location: 2F
0-1: Foul Ball, location: 2F
0-2: SINGLE (Line Drive, 89S, EV 108.8 MPH)
Bartolo Cortéz to third
Enrico Flores to second
Runner from 3rd tries for Home, SAFE, throw by RF to home
Batting: RHB Art Hensley 0-0: Foul Ball, location: 2F
0-1: Swinging Strike
0-2: Ball
1-2: Ball
2-2: Ball
3-2: Foul Ball, location: 2F
3-2: SINGLE (Line Drive, 5D, EV 110.6 MPH)
Enrico Flores to third
Alfred Howard Biggs to second
Batting: LHB Mies Lumme 0-0: Called Strike
0-1: Foul Ball, location: 2F
0-2: Foul Ball, location: 2F
0-2: Foul Ball, location: 2F
0-2: Ball
1-2: Grounds into fielders choice 1-2 (Groundball, P, EV 86.9 MPH)
Alfred Howard Biggs to third
Art Hensley to second
Pitching: RHP Graviel Azevedo
Batting: RHB Jeffrey Turner 0-0: Called Strike
0-1: Called Strike
0-2: SINGLE (Groundball, 6MD, EV 96.9 MPH)
Alfred Howard Biggs scores
Art Hensley to third
Mies Lumme to second
Runner from 3rd tries for Home, SAFE, throw by CF to home
Batting: LHB Fernan Espinoza 0-0: Called Strike
0-1: Swinging Strike
0-2: Strikes out swinging
Top of the 8th over - 3 runs, 5 hits, 0 errors, 2 left on base; Northwest Territory 14 - Bompton 2
BOTTOM OF THE 8TH
Bompton Baby Lakers batting - Pitching for Northwest Territory Beavers : RHP Gonzalo Garibay
Batting: LHB Leonardo Valdéz 0-0: Called Strike
0-1: Ground out U3 (Groundball, 34, EV 109.4 MPH)
Batting: RHB David Taylor 0-0: Swinging Strike
0-1: Ball
1-1: Ball
2-1: Ball
3-1: Base on Balls
Batting: RHB Kobbe Elders 0-0: Grounds into double play, 4-6-3 (Groundball, 4, EV 80.0 MPH)
Bottom of the 8th over - 0 runs, 0 hits, 0 errors, 0 left on base; Northwest Territory 14 - Bompton 2
TOP OF THE 9TH
Northwest Territory Beavers batting - Pitching for Bompton Baby Lakers : RHP Graviel Azevedo
Batting: RHB Benigno Bachelay 0-0: Ball
1-0: Ball
2-0: Called Strike
2-1: SINGLE (Line Drive, 7S, EV 99.4 MPH)
Batting: RHB Bartolo Cortéz 0-0: SINGLE (Groundball, 4MD, EV 95.0 MPH)
Benigno Bachelay to second
Batting: LHB Enrico Flores 0-0: Swinging Strike
0-1: Ball
1-1: Called Strike
1-2: Ball
2-2: SINGLE (Groundball, 34D, EV 100.6 MPH)
Benigno Bachelay to third
Bartolo Cortéz to second
Runner from 3rd tries for Home, throw by RF and OUT! 9-2
Batting: RHB John Warren 0-0: Swinging Strike
0-1: Swinging Strike
0-2: Strikes out looking
Pitching: LHP Ryan Riley
Batting: RHB Alfred Howard Biggs 0-0: Ball
1-0: Called Strike
1-1: Foul Ball, location: 2F
1-2: TRIPLE (Flyball, 89XD, EV 90.6 MPH)
Bartolo Cortéz scores
Enrico Flores scores
Batting: RHB Art Hensley 0-0: Foul Ball, location: 2F
0-1: Called Strike
0-2: Ball
1-2: Strikes out swinging
Top of the 9th over - 2 runs, 4 hits, 0 errors, 1 left on base; Northwest Territory 16 - Bompton 2
BOTTOM OF THE 9TH
Bompton Baby Lakers batting - Pitching for Northwest Territory Beavers : RHP Gonzalo Garibay
Batting: RHB Tim Rowland 0-0: Called Strike
0-1: Fly out, F5 (Popup, 5SF, EV 81.2 MPH)
Batting: RHB Duane Coleman 0-0: Foul Ball, location: 2F
0-1: Foul Ball, location: 2F
0-2: Fly out, F8 (Flyball, 8LD, EV 91.2 MPH)
Batting: RHB Mario Gonzáles 0-0: Foul Ball, location: 2F
0-1: Swinging Strike
0-2: Foul Ball, location: 2F
0-2: Foul Ball, location: 2F
0-2: Ball
1-2: Strikes out swinging
Bottom of the 9th over - 0 runs, 0 hits, 0 errors, 0 left on base; Northwest Territory 16 - Bompton 2
Tuesday, January 5th, 2021 - OOTP Baseball 20.8 Build 74